 Dungeon Crawl Stone Soup version 0.31-a0-441-g867994ef1c (webtiles) character file.

Game seed: 17527836111705197771

24129 pokeman the Eclecticist (level 12, -23/66 HPs)
             Began as a Deep Elf Hedge Wizard on Aug 2, 2023.
             Was a Believer of Vehumet.
             Annihilated by a skeletal warrior
             ... wielding a +0 scimitar
              (24 damage)
             ... on level 14 of the Dungeon.
             The game lasted 00:42:06 (16453 turns).

pokeman the Eclecticist (Deep Elf Hedge Wizard)    Turns: 16453, Time: 00:42:06

Health: -23/66     AC: 14    Str:  7    XL:     12   Next: 77%
Magic:  19/43      EV: 12    Int: 25    God:    Vehumet [**....]
Gold:   359        SH:  5    Dex: 18    Spells: 4/44 levels left

rFire   . . .        Q - +6 long sword of Severance {pain, Dex+4 Stlth-}
rCold   . . .        (no shield)
rNeg    . . .        w - +3 leather armour {rPois}
rPois   +            M - +1 helmet
rElec   .            y - +0 cloak
rCorr   .            f - +3 pair of gauntlets of War {Slay+5}
SInv    .            (no boots)
Will    +....        S - amulet of reflection
Stlth   +            e - ring of magical power
HPRegen 0.31/turn    H - ring of wizardry
MPRegen 0.28/turn

%: reflection, wizardry (x1)
@: no status effects
A: no striking features
a: Renounce Religion


You were on level 14 of the Dungeon.
You worshipped Vehumet.
Vehumet was pleased with you.
You visited 2 branches of the dungeon, and saw 15 of its levels.

You collected 2099 gold pieces.
You spent 1740 gold pieces at shops.

Inventory:

Hand Weapons
 Q - the +6 long sword of Severance (weapon) {pain, Dex+4 Stlth-}
   (You found it on level 9 of the Dungeon)

   Dex:       It affects your dexterity (+4).
   Stlth:     It makes you less stealthy.
Missiles
 b - 3 throwing nets
 N - a curare-tipped dart
Armour
 f - the +3 pair of gauntlets of War (worn) {Slay+5}
   (You bought it in a shop on level 6 of the Dungeon)

   Slay:      It affects your accuracy & damage with ranged weapons and melee
   (+5).
 w - a +3 leather armour of poison resistance (worn)
 x - a +2 robe of fire resistance
 y - a +0 cloak (worn)
 M - a +1 helmet (worn)
 O - a +0 buckler
Jewellery
 a - a ring of poison resistance
 e - a ring of magical power (left hand)
 h - a ring of ice
 H - a ring of wizardry (right hand)
 L - a ring of resist corrosion
 P - a ring of ice
 S - an amulet of reflection (around neck)
Wands
 j - a wand of flame (8)
 n - a wand of light (4)
 C - a wand of paralysis (18)
 R - a wand of iceblast (17)
Scrolls
 p - 7 scrolls of teleportation
 t - 2 scrolls of blinking
 W - a scroll of vulnerability
Potions
 c - a potion of degeneration {unknown}
 d - 4 potions of magic
 g - 2 potions of attraction {unknown}
 i - 5 potions of brilliance {unknown}
 q - 3 potions of heal wounds {unknown}
 E - 2 potions of mutation {unknown}
 F - 2 potions of enlightenment {unknown}
 G - 3 potions of invisibility {unknown}
 J - 2 potions of cancellation {unknown}
 K - a potion of curing {unknown}
Miscellaneous
 T - a lightning rod (4/4)


   Skills:
 - Level 4.2 Fighting
 - Level 4.1 Armour
 - Level 3.0 Dodging
 - Level 3.1 Stealth
 + Level 4.0 Shields
 * Level 16.6 Spellcasting
 + Level 10.0 Conjurations
 + Level 9.4 Summonings
 + Level 8.5 Necromancy
 - Level 1.1 Translocations
 + Level 5.1 Fire Magic
 - Level 1.2 Air Magic
 - Level 1.2 Poison Magic
 - Level 1.1 Evocations


You had 4 spell levels left.
You knew the following spells:

 Your Spells              Type           Power      Damage    Failure   Level
a - Magic Dart            Conj           100%       1d8       1%          1
b - Mephitic Cloud        Conj/Pois/Air  41%        N/A       1%          3
c - Call Imp              Summ           100%       N/A       1%          2
d - Blink                 Tloc           52%        N/A       1%          2
e - Iskenderun's Battles  Conj           63%        2d11      1%          5
f - Fireball              Conj/Fire      28%        3d12      1%          5
g - Haunt                 Necr/Summ      30%        N/A       30%         7
h - Flame Wave            Conj/Fire      56%        2d13      1%          4
i - Iskenderun's Mystic   Conj/Tloc      48%        2d11      1%          4
j - Orb of Destruction    Conj           31%        9d10      21%         7

Your spell library contained the following spells:

 Spells                   Type           Power      Damage    Failure   Level
 Poisonous Vapours        Pois/Air       54%        N/A       1%          2
 Slow                     Hex            80%        N/A       1%          1
 Cigotuvi's Dreadful Rot  Necr/Pois/Air  78%        N/A       1%          2
 Sublimation of Blood     Necr           59%        N/A       1%          2
 Ignite Poison            Fire/Tmut/Pois 31%        N/A       1%          3
 Inner Flame              Hex/Fire       33%        N/A       1%          3
 Volatile Blastmotes      Fire/Tloc      72%        2d16      1%          3
 Animate Dead             Necr           59%        N/A       1%          4
 Fulminant Prism          Conj/Hex       22%        3d12      1%          4
 Sticky Flame             Conj/Fire      56%        2d7       1%          4
 Wereblood                Tmut           20%        N/A       2%          2
 Conjure Ball Lightning   Conj/Air       24%        3x3d7     22%         6
 Summon Hydra             Summ           30%        N/A       26%         7
 Infestation              Necr           29%        N/A       93%         8
 Ignition                 Fire           23%        3d8       100%        8


Dungeon Overview and Level Annotations

Branches:
Dungeon (14/15) Temple (1/1) D:4 Lair (0/5) D:11 Orc (0/2) D:11 Vaults (0/5) D:13 D:14

Altars:
Ashenzari
Cheibriados
Dithmenos
Elyvilon
Fedhas
Gozag
Hepliaklqana
Kikubaaqudgha
Makhleb
Nemelex Xobeh
Okawaru
Qazlal
Ru
Sif Muna
Trog
Uskayaw
Vehumet
Wu Jian
Xom
Yredelemnul
Zin
The Shining One

Shops:
D:6 [   D:10 (   D:13 :


Message History

Unknown command.
The skeletal warrior attacks as you move away!
The skeletal warrior hits you with a +0 halberd!!
The skeletal warrior hits you from afar with a +0 halberd.
Casting: Fireball (dangerous; 1% risk of failure)
Confirm with . or Enter, or press ? or * to list all spells.
Aiming: Fireball (dangerous; 1% risk of failure)
Press: ? - help, Shift-Dir - straight line, p - skeletal warrior The fireball explodes!
The fireball engulfs the skeletal warrior!
The skeletal warrior is heavily damaged.
The fireball engulfs the skeletal warrior!
The skeletal warrior is moderately damaged.
The fireball engulfs the skeletal warrior!!
The skeletal warrior is heavily damaged.
Your battlesphere fires!
The barrage of energy hits the skeletal warrior.
The skeletal warrior is moderately damaged.
The skeletal warrior hits you but does no damage.
The skeletal warrior closely misses you.
Unknown command.
Casting: Fireball (dangerous; 1% risk of failure)
Confirm with . or Enter, or press ? or * to list all spells.
Aiming: Fireball (dangerous; 1% risk of failure)
Press: ? - help, Shift-Dir - straight line, f - skeletal warrior
Aim: a skeletal warrior, wielding a +0 halberd (heavily damaged)
The fireball explodes!
The fireball engulfs the skeletal warrior!
The skeletal warrior is severely damaged.
The fireball engulfs the skeletal warrior!!
The skeletal warrior is almost destroyed.
The fireball engulfs the skeletal warrior!
The skeletal warrior is heavily damaged.
Your battlesphere fires!
The barrage of energy hits the skeletal warrior.
The skeletal warrior is severely damaged.
The skeletal warrior hits you from afar with a +3 trident!!
* * * LOW HITPOINT WARNING * * *
The skeletal warrior hits you with a +0 scimitar!!
You die...

### ##)##
##.*.##########
##..............
#.....z@########
##...z<##
###..z### ..
#.......# ...
#.##.##z# ....
#. #.##.# ###..
#.##..#.##
#####...
#.....†..#
#..$..#
#..##.#..#
#.....####.


You could see 3 skeletal warriors and a friendly battlesphere.

Vanquished Creatures
  2 hydras
  Harold (D:9)
  3 centaur warriors
  4 two-headed ogres
  A boulder beetle (D:12)
  2 skeletal warriors (D:14)
  An orc knight (D:12)
  A manticore (D:12)
  4 cyclopes
  An ugly thing (D:12)
  Maurice (D:8)
  A gargoyle (D:13)
  Maggie (D:9)
  A yaktaur (shapeshifter) (D:14)
  2 trolls
  Prince Ribbit (D:8)
  Grinder (D:5)
  2 hornets
  5 slime creatures
  4 wraiths
  4 wyverns
  A vampire (D:11)
  Eustachio (D:4)
  3 basilisks (D:11)
  7 humans (D:13)
  10 yaks
  4 steam dragons
  6 vampire mosquitoes (D:12)
  2 acid dragons
  3 water moccasins
  7 orc warriors
  4 sky beasts
  An ice beast (D:6)
  A black bear (D:6)
  5 centaurs
  4 ogres
  4 bullfrogs
  2 kobold brigands
  3 gnoll sergeants
  Blork the orc (D:4)
  3 scorpions (D:5)
  2 wights
  A killer bee (D:10)
  2 electric eels
  8 howler monkeys
  A jelly (D:6)
  2 orc priests
  3 gnoll boudas
  4 iguanas
  8 orc wizards
  A centaur simulacrum (D:10)
  31 gnolls
  10 adders
  A shadow imp (D:6)
  A white imp (D:8)
  2 worms (D:2)
  39 orcs
  3 endoplasms
  2 giant cockroaches (D:3)
  5 goblins
  3 hobgoblins
  7 jackals
  20 kobolds
  3 quokkas
  3 ball pythons (D:4)
  6 bats
  A frilled lizard (D:3)
  3 rats
287 creatures vanquished.

Vanquished Creatures (collateral kills)
  A yak (D:8)
  A water moccasin (D:5)
  A gnoll sergeant (D:8)
  An orc (D:8)
4 creatures vanquished.

Grand Total: 291 creatures vanquished

Notes
Turn   | Place    | Note
-------+----------+-------------------------------------------
     0 | D:1      | pokeman the Deep Elf Hedge Wizard began the quest for the
                  | Orb.
     0 | D:1      | Reached XP level 1. HP: 10/10 MP: 7/7
   231 | D:1      | You fall into a shaft and drop 1 floor!
   292 | D:2      | Reached XP level 2. HP: 12/16 MP: 8/9
   435 | D:2      | Reached skill level 5 in Spellcasting
   531 | D:2      | Reached XP level 3. HP: 16/20 MP: 11/11
   536 | D:2      | Learned a level 3 spell: Mephitic Cloud
   539 | D:2      | Learned a level 2 spell: Blink
   542 | D:2      | Learned a level 2 spell: Call Imp
   740 | D:1      | Reached skill level 1 in Fighting
   799 | D:1      | Reached skill level 1 in Armour
  1521 | D:2      | Reached XP level 4. HP: 25/25 MP: 13/13
  3041 | D:4      | Reached skill level 6 in Spellcasting
  3041 | D:4      | Reached XP level 5. HP: 29/29 MP: 15/15
  3258 | D:4      | Found a staircase to the Ecumenical Temple.
  3260 | D:4      | Noticed Eustachio
  3269 | D:4      | Noticed Blork the orc
  3281 | D:4      | Killed Blork the orc
  3282 | D:4      | Reached skill level 1 in Air Magic
  3282 | D:4      | Reached skill level 1 in Poison Magic
  3466 | D:4      | Reached XP level 6. HP: 34/34 MP: 17/17
  3568 | Temple   | Entered the Ecumenical Temple
  3742 | D:4      | Killed Eustachio
  3743 | D:4      | Reached skill level 7 in Spellcasting
  4280 | D:5      | Entered Level 5 of the Dungeon
  4280 | D:5      | Noticed Grinder
  4347 | D:5      | Killed Grinder
  4348 | D:5      | Reached skill level 8 in Spellcasting
  4348 | D:5      | Reached XP level 7. HP: 40/40 MP: 16/20
  4492 | D:5      | Found a basalt altar of Yredelemnul.
  4783 | D:5      | Reached XP level 8. HP: 41/44 MP: 20/22
  4786 | D:5      | Reached skill level 9 in Spellcasting
  4901 | D:5      | Reached skill level 5 in Conjurations
  4952 | D:5      | Found an opulent altar of Gozag.
  5432 | D:6      | Reached skill level 10 in Spellcasting
  5991 | D:6      | Found Foheb's Antique Armour Shop.
  6527 | D:7      | Learned a level 7 spell: Haunt
  6566 | D:7      | Reached skill level 1 in Evocations
  6566 | D:7      | Reached XP level 9. HP: 12/49 MP: 16/25
  6756 | D:7      | Reached skill level 1 in Necromancy
  6879 | D:7      | Reached skill level 5 in Summonings
  6939 | D:7      | Reached skill level 11 in Spellcasting
  7515 | D:8      | Found a glowing silver altar of Zin.
  7684 | D:8      | Reached skill level 12 in Spellcasting
  7893 | D:8      | Learned a level 4 spell: Iskenderun's Mystic Blast
  7897 | D:8      | Noticed Maurice
  7897 | D:8      | Noticed Prince Ribbit
  7915 | D:8      | Killed Maurice
  7916 | D:8      | Reached XP level 10. HP: 56/56 MP: 28/28
  7922 | D:8      | Killed Prince Ribbit
  7980 | D:8      | Identified the +0 ring mail of Lust {Dex+5}
  8557 | D:8      | Found a stormy altar of Qazlal.
  8595 | D:9      | Noticed Maggie
  8611 | D:9      | Killed Maggie
  8682 | D:9      | Reached skill level 13 in Spellcasting
  8832 | D:9      | Reached skill level 5 in Necromancy
  8846 | D:9      | Identified the +6 long sword of Severance {pain, Dex+4
                  | Stlth-}
  9292 | D:9      | Noticed Harold
  9313 | D:9      | HP: 1/57 [Harold/+0 war axe (13)]
  9544 | D:9      | Killed Harold
  9736 | D:10     | Entered Level 10 of the Dungeon
  9790 | D:10     | Noticed an eight-headed hydra
  9969 | D:10     | Killed an eight-headed hydra
  9970 | D:10     | Reached XP level 11. HP: 30/61 MP: 6/30
  9987 | D:10     | Reached skill level 14 in Spellcasting
 10497 | D:10     | Noticed a centaur warrior
 10513 | D:10     | Killed a centaur warrior
 10698 | D:10     | Found Naboj's Weapon Shop.
 10728 | D:10     | Found a shadowy altar of Dithmenos.
 10732 | D:10     | Found a glowing golden altar of the Shining One.
 10739 | D:10     | Found a snail-covered altar of Cheibriados.
 10742 | D:10     | Found a shimmering altar of Xom.
 10744 | D:10     | Found a radiant altar of Vehumet.
 10749 | D:10     | Found a broken altar of Ashenzari.
 10756 | D:10     | Became a worshipper of Vehumet
 10833 | D:10     | Found a burning altar of Makhleb.
 11108 | D:10     | Identified a scroll of acquirement
 11115 | D:10     | Acquired 1084 gold pieces
 11196 | D:6      | Bought the +3 pair of gauntlets of War {Slay+5} for 1092
                  | gold pieces
 11196 | D:6      | Found the +3 pair of gauntlets of War {Slay+5}
 11289 | D:11     | Found a shimmering altar of Xom.
 11308 | D:11     | Found a staircase to the Orcish Mines.
 11340 | D:11     | Learned a level 4 spell: Flame Wave
 11668 | D:11     | Found a shimmering altar of Xom.
 11668 | D:11     | Found a shimmering altar of Xom.
 11670 | D:11     | Found a shimmering altar of Xom.
 11672 | D:11     | Found a shimmering altar of Xom.
 11674 | D:11     | Found a shimmering altar of Xom.
 11695 | D:11     | Noticed a two-headed ogre
 11714 | D:11     | Killed a two-headed ogre
 11715 | D:11     | Reached skill level 1 in Shields
 11715 | D:11     | Reached skill level 1 in Fire Magic
 12002 | D:11     | Found a shimmering altar of Xom.
 12646 | D:11     | Found a staircase to the Lair.
 13044 | D:11     | Reached skill level 15 in Spellcasting
 13146 | D:12     | Noticed a boulder beetle
 13161 | D:12     | Killed a boulder beetle
 13209 | D:12     | Reached * piety under Vehumet
 13209 | D:12     | Offered knowledge of Freeze by Vehumet.
 13276 | D:12     | Noticed a purple ugly thing
 13285 | D:12     | Killed a purple ugly thing
 13451 | D:12     | Noticed a two-headed ogre
 13462 | D:12     | Killed a two-headed ogre
 13669 | D:12     | Noticed a two-headed ogre
 13676 | D:12     | Killed a two-headed ogre
 13677 | D:12     | Reached XP level 12. HP: 66/66 MP: 33/33
 14719 | D:13     | Noticed a centaur warrior
 14721 | D:13     | Noticed a five-headed hydra
 14746 | D:13     | Killed a centaur warrior
 14746 | D:13     | Killed a five-headed hydra
 14928 | D:13     | Noticed a two-headed ogre
 14959 | D:13     | Killed a two-headed ogre
 14960 | D:13     | Reached skill level 16 in Spellcasting
 15367 | D:13     | Noticed a centaur warrior
 15376 | D:13     | Killed a centaur warrior
 15471 | D:13     | Found Naqober's Book Shoppe.
 15474 | D:13     | Bought a book of the Spheres for 648 gold pieces
 15480 | D:13     | Learned a level 5 spell: Fireball
 15486 | D:13     | Learned a level 5 spell: Iskenderun's Battlesphere
 15494 | D:13     | Learned a level 7 spell: Orb of Destruction
 16066 | D:14     | Noticed a two-headed ogre
 16066 | D:14     | Noticed a centaur warrior
 16066 | D:14     | Noticed an eight-headed hydra
 16066 | D:14     | Found a gate to the Vaults.
 16120 | D:13     | Reached ** piety under Vehumet
 16120 | D:13     | Offered knowledge of Poisonous Vapours by Vehumet.
 16301 | D:14     | Reached skill level 5 in Fire Magic
 16308 | D:14     | Reached skill level 10 in Conjurations
 16453 | D:14     | HP: 1/66 [skeletal warrior/+3 trident (24)]
 16453 | D:14     | Annihilated by a skeletal warrior

Illustrated notes

Levels and vault maps discovered:
D:1:      grunt_arrival_crossed_arrows, layout_loops_corners
D:2:      layout_basic, serial_bayou, serial_bayou_pond_a, serial_bayou_lake_a,
          serial_bayou_ford_a, serial_bayou_shore_a, minmay_misc_feat_tiny,
          st_stairs_7, minmay_pentomino_u2
D:3:      layout_loops_corners
D:4:      layout_basic, minmay_temple_entry_stoned_glass, uniq_blork_the_orc,
          uniq_eustachio
D:5:      layout_basic, grunt_gozag_breadcrumbs, mainiacjoe_overflow_boulevard,
          minivault_14, nicolae_houndstooth_variations, uniq_grinder
D:6:      layout_basic, serial_shops, shop
D:7:      layout_basic, serial_bayou_pond_e
D:8:      kennysheep_ambush_hall, layout_basic, mainiacjoe_overflow_swirl,
          uniq_maurice, uniq_prince_ribbit1
D:9:      layout_roguey, uniq_harold, uniq_maggie
D:10:     nzn_winding_woodlands_small [nzn_winding_woodlands_5x15_concentric,
          nzn_winding_woodlands_center_triple_pond,
          nzn_winding_woodlands_5x15_lazy_stream], layout_loops_ring,
          general_overflow_altar, nicolae_overflow_hallway_of_the_gods,
          serial_shops, nicolae_shop_bloodbath_and_beyond
D:11:     layout_long_grid, erik_lair_dragon, orc_0_dummy, kennysheep_path_1,
          nicolae_xom_altar_mimics
D:12:     layout_loops_ring, special_room [special_room_orc]
D:13:     layout_stronghold, serial_shops, nicolae_shop_real_fake_doors
D:14:     minmay_slanted_spiral_squares, layout_loops_cross, david_vaults_3,
          minmay_fountain_box, minmay_fractal_squares_gapless_5
Temple:   chequers_temple_sunken

Skill      XL: |  1  2  3  4  5  6  7  8  9 10 11 12 |
---------------+-------------------------------------+-----
Spellcasting   | 5 6 8 10 12 13 15 16 | 16.6
Fighting       | 1 2 3 4 |  4.2
Armour         | 1 3 4 |  4.1
Conjurations   | 2 3 4 5 6 8 9 10 | 10.0
Dodging        | 3 |  3.0
Stealth        | 3 |  3.1
Air Magic      | 1 |  1.2
Poison Magic   | 1 |  1.2
Summonings     | 2 3 4 6 7 8 9 |  9.4
Evocations     | 1 |  1.1
Necromancy     | 3 5 7 8 |  8.5
Shields        | 2 4 |  4.0
Fire Magic     | 3 5 |  5.1
Translocations | |  1.1

Action                     |  1- 3 |  4- 6 |  7- 9 | 10-12 || total
---------------------------+-------+-------+-------+-------++-------
  Melee: Dagger            |     4 |     2 |       |       ||     6
         Short sword       |       |    56 |   174 |    59 ||   289
         Punch             |       |       |     2 |     3 ||     5
         Long sword        |       |       |       |    96 ||    96
   Cast: Magic Dart        |    66 |   107 |   164 |   155 ||   492
         Mephitic Cloud    |     1 |    12 |    37 |    71 ||   121
         Call Imp          |       |     7 |     6 |     3 ||    16
         Blink             |       |     1 |     2 |     3 ||     6
         Iskenderun's Myst |       |       |       |    73 ||    73
         Flame Wave        |       |       |       |    33 ||    33
         Fireball          |       |       |       |    23 ||    23
         Iskenderun's Batt |       |       |       |     2 ||     2
  Evoke: Wand              |       |       |       |     2 ||     2
    Use: Scroll            |       |       |       |    14 ||    14
   Stab: Sleeping          |     1 |       |     1 |       ||     2
         Confused          |       |     4 |    18 |    33 ||    55
         Distracted        |       |     1 |       |       ||     1
 Armour: Robe              |     3 |    18 |       |       ||    21
         Leather armour    |       |     2 |    72 |    92 ||   166
  Dodge: Dodged            |    14 |    69 |   130 |   162 ||   375
  Block: Other             |       |       |       |    25 ||    25
         Reflection        |       |       |       |     2 ||     2

Table legend: (Time is in decaauts)
 A = Elapsed time spent in this place.
 B = Non-inter-level travel time spent in this place.
 C = Inter-level travel time spent in this place.
 D = Time resting spent in this place.
 E = Time spent auto-exploring this place.
 F = Levels seen in this place.
 G = Mean time per level.
                   A        B        C        D        E       F      G
               +--------+--------+--------+--------+--------+-----+--------+
         Total |  16608 |  15443 |   1165 |    758 |  12024 |  15 | 1107.2 |
       Dungeon |  16574 |  15413 |   1161 |    758 |  12024 |  14 | 1183.9 |
        Temple |     33 |     30 |      3 |      0 |      0 |   1 |   33.0 |
               +--------+--------+--------+--------+--------+-----+--------+

Top non-repeatable levels by time:
    D:11: 1742 daAuts
    D:13: 1694 daAuts
     D:8: 1517 daAuts
    D:10: 1451 daAuts
     D:9: 1338 daAuts
     D:4: 1227 daAuts
    D:12: 1208 daAuts
     D:2: 1140 daAuts
     D:3: 1129 daAuts
     D:6: 1128 daAuts
     D:5: 1107 daAuts
     D:1: 910 daAuts
     D:7: 815 daAuts
    D:14: 162 daAuts
  Temple: 33 daAuts
